 Dungeon Crawl Stone Soup version 0.19.4-9-g45fd643 (webtiles) character file.

378 Rrauwl the Skirmisher (level 6, 0/52 HPs)
             Began as a Centaur Abyssal Knight on Feb 20, 2017.
             Was a Priest of Lugonu.
             Succumbed to a worker ant's poison
             ... on level 4 of the Dungeon.
             The game lasted 00:17:25 (3176 turns).

Rrauwl the Skirmisher (Centaur Abyssal Knight)      Turns: 3176, Time: 00:17:26

Health: 0/52       AC: 15    Str: 16    XL:     6   Next: 45%
Magic:  8/8        EV:  3    Int: 11    God:    Lugonu [***...]
Gold:   247        SH:  0    Dex:  9    Spells: 0 memorised, 5 levels left

rFire  + . .     SeeInvis +     a - +1 mace
rCold  . . .     Gourm    .     e - +1 plate armour of Idomoq {rElec rF+ Int+2 SInv}
rNeg   . . .     Faith    .     (no shield)
rPois  .         Spirit   .     (no helmet)
rElec  +         Reflect  .     d - +0 cloak
rCorr  .         Harm     .     (no gloves)
MR     +....     Clarity  +     (no barding)
Stlth  ..........               j - amulet of rage
                                b - ring of protection from magic
                                h - +4 ring of protection

@: lethally poisoned (0 -> -1), exhausted, very slightly contaminated, slowed
A: hooves 3, blurry vision 1, clarity, deformed body, deterioration 2, dopey 1,
speed 2, tough skin 3, MP-powered wands
a: Depart the Abyss, Bend Space, Banish, Renounce Religion, Evoke Berserk Rage


You were on level 4 of the Dungeon.
You worshipped Lugonu.
Lugonu was most pleased with you.
You were not hungry.

You visited 1 branch of the dungeon, and saw 4 of its levels.
You visited the Abyss 1 time.

You collected 247 gold pieces.

Inventory:

Hand Weapons
 a - a +1 mace (weapon)
Armour
 d - a +0 cloak (worn)
 e - the +1 plate armour of Idomoq (worn) {rElec rF+ Int+2 SInv}
   (You found it on level 2 of the Abyss)

   It affects your intelligence (+2).
   It protects you from fire.
   It insulates you from electricity.
   It lets you see invisible.
Jewellery
 b - a ring of protection from magic (right hand)
 g - an uncursed ring of resist corrosion
 h - a +4 ring of protection (left hand)
 j - an amulet of rage (around neck)
Comestibles
 c - 7 bread rations
 i - 2 meat rations
 k - 4 fruits


   Skills:
 + Level 3.9 Fighting
 + Level 3.2 Maces & Flails
 + Level 2.7 Throwing
 - Level 2.0 Armour
 + Level 2.2 Dodging
 + Level 3.4 Invocations


You had 5 spell levels left.
You didn't know any spells.

Dungeon Overview and Level Annotations

Branches:
Dungeon (4/15)
 Temple: D:4-7

Altars:
Hepliaklqana
Kikubaaqudgha
Okawaru
Sif Muna
Trog
Vehumet


Innate Abilities, Weirdness & Mutations

You have hooves in place of feet.
Armour fits poorly on your strangely shaped body.
You cover ground very quickly.
You have extremely tough skin. (AC +3)
Scrolls take you a little longer to read.
You possess an exceptional clarity of mind.
Your body often deteriorates upon taking damage.
You are dopey. (Int -2)
You expend magic power (3 MP) to strengthen your wands.


Message History

* * * LOW HITPOINT WARNING * * *
You feel sick.
Put on which piece of jewellery? (? for menu, Esc to quit)
j - an amulet of rage (around neck)
A red film seems to cover your vision as you go berserk!
You feel yourself moving faster!
You feel mighty!
You are feeling very hungry.
You feel a strong urge to attack something.
You see here 12 gold pieces.
You now have 247 gold pieces (gained 12).
You feel your anger subside.
* * * LOW HITPOINT WARNING * * *
You feel sick.
You are no longer berserk.
You are exhausted.
You feel yourself slow down.
Eat a chunk of flesh? (ye/n/q)
You start eating the chunk of flesh.
This raw flesh tastes terrible.
You die...

#.. #.#...# ##..# #.#...
.... ..... +.# #... #...
#.##..# .###... #..#
#.##..#.. ....... #..#
#.##..#..
.......###..####.##..##.
#...@.........##..##.
#...###..####.##..##.
#.............##..##.
....#..............##.
......#####..###.#......
...... #........###....
..... #...............
..... #........######.
#......... #.


There were no monsters in sight!

Vanquished Creatures
  The ghost of letownia the Conjurer, an amateur OpWz (D:4)
  A hound (D:4)
  Crazy Yiuf (D:2)
  Jessica (D:2)
  A worker ant (D:4)
  Terence (D:2)
  A gnoll (D:4)
  7 adders
  2 worms
  3 dart slugs
  4 leopard geckos
  4 giant cockroaches
  6 goblins
  9 hobgoblins
  11 jackals
  2 quokkas (D:2)
  A ball python (D:3)
  7 bats
  5 frilled lizards
  A jackal skeleton (D:4)
  9 kobolds
  24 rats
102 creatures vanquished.

Notes
Turn   | Place    | Note
-------+----------+-------------------------------------------
     0 | Abyss:1  | Rrauwl the Centaur Abyssal Knight began the quest for the Orb.
     0 | Abyss:1  | Reached XP level 1. HP: 19/19 MP: 2/2
    39 | Abyss:1  | Noticed a small abomination
    47 | Abyss:1  | Noticed a large abomination
    49 | Abyss:1  | Noticed a snapping turtle zombie
    73 | Abyss:2  | Got a faintly glowing plate armour
    84 | Abyss:2  | Identified the +1 plate armour of Idomoq {rElec rF+ Int+2 SInv} (You found it on level 2 of the Abyss)
    85 | D:1      | Escaped the Abyss
   114 | D:1      | Reached * piety under Lugonu
   127 | D:1      | Reached XP level 2. HP: 6/26 MP: 3/3
   414 | D:1      | Gained mutation: You possess an exceptional clarity of mind. [potion of mutation]
   414 | D:1      | Gained mutation: Your body sometimes deteriorates upon taking damage. [potion of mutation]
   414 | D:1      | Gained mutation: Scrolls take you a little longer to read. [potion of mutation]
   748 | D:1      | Reached skill level 1 in Throwing
   762 | D:1      | Reached XP level 3. HP: 18/31 MP: 4/4
  1325 | D:2      | Found a runed door.
  1329 | D:2      | Noticed Crazy Yiuf
  1338 | D:2      | Killed Crazy Yiuf
  1338 | D:2      | Reached skill level 1 in Dodging
  1556 | D:2      | Reached XP level 4. HP: 26/38 MP: 5/5
  1676 | D:2      | Reached ** piety under Lugonu
  1942 | D:2      | Noticed Jessica
  1959 | D:2      | Killed Jessica
  2185 | D:2      | Noticed Terence
  2186 | D:2      | Found a bloodstained altar of Trog.
  2194 | D:2      | Killed Terence
  2194 | D:2      | Reached XP level 5. HP: 36/45 MP: 7/7
  2521 | D:3      | Reached *** piety under Lugonu
  2552 | D:3      | Gained mutation: You expend magic power (3 MP) to strengthen your wands. [potion of mutation]
  2552 | D:3      | Gained mutation: Your body often deteriorates upon taking damage. [potion of mutation]
  2552 | D:3      | Gained mutation: You are dopey. (Int -2) [potion of mutation]
  2586 | D:3      | Found an iron altar of Okawaru.
  2803 | D:3      | Found a radiant altar of Vehumet.
  2972 | D:4      | Noticed letownia's ghost (amateur OpWz)
  3023 | D:4      | Killed letownia's ghost
  3023 | D:4      | Reached XP level 6. HP: 29/52 MP: 8/8
  3070 | D:4      | Found a deep blue altar of Sif Muna.
  3070 | D:4      | Found a faded altar of an unknown god.
  3075 | D:4      | Found an ancient bone altar of Kikubaaqudgha.
  3077 | D:4      | Found a faded altar of an unknown god.
  3078 | D:4      | Found a hazy altar of Hepliaklqana.
  3160 | D:4      | HP: 2/52 [poisoned by a worker ant]
  3167 | D:4      | HP: 1/52 [poisoned by a worker ant]
  3172 | D:4      | HP: 1/78 [poisoned by a worker ant]
  3176 | D:4      | Succumbed to a worker ant's poison

Skill      XL: |  1  2  3  4  5 |
---------------+----------------+-----
Maces & Flails | 2 3 |  3.2
Throwing       | 1 2 |  2.7
Dodging        | 1 2 |  2.2
Armour         | 2 |  2.0
Invocations    | 3 |  3.4
Fighting       | |  3.9

Action                   |  1- 3 |  4- 6 || total
-------------------------+-------+-------++-------
Melee: Mace              |   117 |   308 ||   425
       Kick              |    11 |    47 ||    58
Invok: Depart the Abyss  |     1 |       ||     1
 Abil: Evoke Berserk Rag |       |     1 ||     1
  Use: Potion            |     4 |     1 ||     5
       Scroll            |     3 |     6 ||     9
  Eat: Chunk             |     1 |     5 ||     6
       Beef jerky        |     1 |       ||     1
Armor: Plate armour      |   122 |   276 ||   398
       Leather armour    |     3 |       ||     3
Dodge: Dodged            |    11 |    39 ||    50
